 Dungeon Crawl Stone Soup version 0.29-a0-344-ge2f44be95a (webtiles) character file.

Game seed: 11587804630402226927

908 spaghetti the Ducker (level 7, -1/64 HPs)
             Began as a Deep Dwarf Transmuter on Apr 22, 2022.
             Was an Initiate of Ru.
             Slain by an ogre
             ... wielding a +0 giant club
              (22 damage)
             ... on level 5 of the Dungeon.
             The game lasted 00:09:58 (5125 turns).

spaghetti the Ducker (Deep Dwarf Transmuter)        Turns: 5125, Time: 00:09:58

Health: -1/64      AC:  5    Str: 16    XL:     7   Next: 81%
Magic:  7/9        EV: 14    Int: 15    God:    Ru [......]
Gold:   169        SH:  5    Dex: 13    Spells: 6/9 levels left

rFire   . . .      SeeInvis .   s - +8 rapier "Opsim" {flame, rElec rPois Str+2, short}
rCold   + . .      Faith    .   (no shield)
rNeg    . . .      Spirit   .   o - +2 animal skin
rPois   +          Reflect  +   n - +0 helmet
rElec   +          Harm     .   (no cloak)
rCorr   .          Rampage  .   (no gloves)
Will    +....                   (no boots)
Stlth   ++........              v - amulet of reflection
HPRegen 0.00/turn               c - ring of protection from cold
MPRegen 0.11/turn               (no ring)

@: wereblooded
A: damage resistance, heal wounds, sense surroundings 1, no regeneration
a: Heal Wounds, Renounce Religion


You were on level 5 of the Dungeon.
You worshipped Ru.
Ru was noncommittal.
You visited 2 branches of the dungeon, and saw 6 of its levels.

You collected 169 gold pieces.


Innate Abilities, Weirdness & Mutations

You are resistant to damage.
You can heal yourself by infusing magical energy.
You passively map a small area around you.
You do not regenerate.


   Skills:
 * Level 4.0 Fighting
 + Level 2.1 Armour
 * Level 5.2 Dodging
 * Level 1.7 Stealth
 + Level 5.1 Unarmed Combat
 - Level 1.7 Spellcasting
 + Level 3.3 Transmutations


You had 6 spell levels left.
You knew the following spells:

 Your Spells              Type           Power      Damage    Failure   Level
a - Beastly Appendage     Tmut           22%        N/A       6%          1
b - Wereblood             Tmut           11%        N/A       9%          2

Your spell library contained the following spells:

 Spells                   Type           Power      Damage    Failure   Level
 Slow                     Hex            4%         N/A       22%         1
 Blink                    Tloc           2%         N/A       34%         2
 Spider Form              Tmut/Pois      6%         N/A       34%         3
 Ignite Poison            Fire/Tmut/Pois 4%         N/A       41%         3
 Call Canine Familiar     Summ           1%         N/A       56%         3
 Confusing Touch          Hex            1%         N/A       56%         3
 Gell's Gravitas          Tloc           1%         N/A       56%         3
 Lesser Beckoning         Tloc           1%         N/A       56%         3
 Mephitic Cloud           Conj/Pois/Air  1%         N/A       56%         3
 Portal Projectile        Hex/Tloc       2%         N/A       56%         3
 Teleport Other           Tloc           1%         N/A       56%         3
 Vampiric Draining        Necr           1%         2d6       56%         3
 Ice Form                 Ice/Tmut       6%         N/A       75%         4
 Leda's Liquefaction      Hex/Erth       0%         N/A       92%         4
 Freezing Cloud           Conj/Ice/Air   0%         6-21      99%         5
 Manifold Assault         Tloc           1%         N/A       99%         5
 Storm Form               Tmut/Air       3%         N/A       100%        7

Inventory:

Hand Weapons
 l - the +5 whip of Niaprac {vorpal, rElec rN+ Str-3 Int+2, mace}
   (You found it on level 2 of the Dungeon)

   It inflicts extra damage upon your enemies.
   Str:       It affects your strength (-3).
   Int:       It affects your intelligence (+2).
   rElec:     It insulates you from electricity.
   rN:        It protects you from negative energy.
 s - the +8 rapier "Opsim" (weapon) {flame, rElec rPois Str+2, short}
   (You found it on level 3 of the Dungeon)

   It burns those it strikes, dealing additional fire damage.
   Str:       It affects your strength (+2).
   rElec:     It insulates you from electricity.
   rPois:     It protects you from poison.
Missiles
 g - 106 stones {throwing}
Armour
 n - a +0 helmet (worn)
   (You took it off Robin on level 2 of the Dungeon)
 o - a +2 animal skin (worn)
   (You took it off Robin on level 2 of the Dungeon)
Jewellery
 c - a ring of protection from cold (left hand)
   (You found it on level 3 of the Dungeon)
 v - an amulet of reflection (around neck)
   (You found it on level 4 of the Dungeon)
Wands
 m - a wand of flame (17)
   (You took it off Robin on level 2 of the Dungeon)
Scrolls
 a - 2 scrolls of summoning {unknown}
 b - 2 scrolls of immolation {unknown}
 d - 5 scrolls of identify {unknown}
 h - 3 scrolls of noise {unknown}
 k - a scroll of torment {unknown}
 r - a scroll of fear {unknown}
 u - a scroll of amnesia {unknown}
Potions
 e - a potion of haste {@q3}
 f - 3 potions of mutation {unknown}
 i - a potion of ambrosia {unknown}
 j - a potion of might {unknown}
 p - 3 potions of lignification {!q}
 q - 2 potions of brilliance {unknown}
 t - a potion of berserk rage {unknown}

Dungeon Overview and Level Annotations

Branches:
Dungeon (5/15)             Temple (1/1) D:4

Altars:
Dithmenos
Fedhas
Gozag
Hepliaklqana
Kikubaaqudgha
Nemelex Xobeh
Okawaru
Ru
Sif Muna
Trog
Uskayaw
Vehumet
Xom
Yredelemnul
The Shining One
Lugonu

, , , , ,.. , , , * , , .. ,
*####+###. ,* ......!, ,
...[. ,, ,, ,,, ..., ,, , ,*
######O######### , **
,,,#....o@o.......# , , *
#..............####### , ,
#....................# , ,,
#....................# ,
#....................# , ,
#....................#
#....................# *,
######....................#
#..........######'##########


You could see an ogre, an orc priest and an orc wizard.


Message History

You open the door.
There is an open door here.
You open the door.
There is an open door here.
Found a glowing golden altar of the Shining One. 😨 MP[+2]
Your mp is fully restored (9).
Unknown command.
Key pressed, stopping explore.
There is an open door here.
Key pressed, stopping explore.
You open the door.
There is an open door here.
You open the door.
There is an open door here.
Key pressed, stopping explore.
Key pressed, stopping explore.
You open the door.
There is an open door here.
There is an open door here.
You open the door.
An orc priest, an orc wizard and 2 orcs come into view.
The orc priest is wielding a +2 vampiric hand axe.
The orc wizard is wielding a +1 dagger of protection.
An orc is wielding a +0 morningstar of venom.
The orc shouts! x2; You hear a shout!
The orc wizard shouts!
An ufetubus comes into view.
An orc comes into view. It is wielding a +0 hand axe.
The orc wizard points at you and mumbles some strange words.
The magic dart hits you!
* * * LOW HITPOINT WARNING * * *
The orc throws a boomerang.
The boomerang barely misses you.
An ogre comes into view. It is wielding a +0 giant club.
The orc priest moves out of view. 😨 HP[-6]
You take 6 damage, and now have 25/64 hp.
You close the door.
An orc opens the door.
Casting: Beastly Appendage (safe; 6% risk of failure)
Confirm with . or Enter, or press ? or * to list all spells.
You grow a pair of large bovine horns.
Your feet morph into talons.
Your +0 helmet melds into your body.
The ufetubus shouts!
The ogre shouts!
The orc priest shouts! 😨 MP[-1]
You lost 1 mp, and now have 8/9 mp.
Casting: Beastly Appendage (safe; 6% risk of failure)
Confirm with . or Enter, or press ? or * to list all spells.
Your blood is infused with primal strength.
The orc closely misses you. 😨 MP[-2]
You lost 2 mp, and now have 6/9 mp.
You hit the orc. You burn the orc. Your kick misses the orc.
Your headbutt misses the orc.
Your transformation is almost over.
Unknown command.
Unknown command.
Unknown command.
You closely miss the orc wizard. You closely miss the orc wizard.
Your kick misses the orc wizard. The orc wizard misses you.
The orc priest looks encouraged for a moment.
You hit the orc. You burn the orc.
You feel a bit better.
You kill the orc!
The orc wizard hits you with a +1 dagger of protection.
* * * LOW HITPOINT WARNING * * *
You hit the orc but do no damage. You claw the orc. You headbutt the orc.
You feel a bit better.
You kill the orc!
The orc wizard casts a spell at you. The magic dart hits you. 😨 HP[+1]
You closely miss the orc wizard.
You headbutt the orc wizard, but do no damage.
The orc wizard barely misses you.
The orc priest miscasts a cantrip.
The orc wizard barely misses you.
The orc priest hits you with a +2 vampiric hand axe!
* * * LOW HITPOINT WARNING * * *
😨 HP[-7] MP[+1]
You take 7 damage, and now have 19/64 hp.
Unknown command.
Unknown command.
You hit the orc wizard. You burn the orc wizard. You headbutt the orc wizard.
The orc wizard hits you with a +1 dagger of protection.
* * * LOW HITPOINT WARNING * * *
😨 HP[-2]
You take 2 damage, and now have 17/64 hp.
You puncture the orc! You burn the orc.
You feel a bit better.
You kill the orc!
The orc wizard hits you with a +1 dagger of protection.
* * * LOW HITPOINT WARNING * * *
The orc priest misses you. 😨 HP[+1]
You puncture the ufetubus! You burn the ufetubus.
You feel a bit better.
You kill the ufetubus!
Your horns disappear.
Your talons disappear.
Your +0 helmet unmelds from your body.
The orc wizard misses you. The orc priest misses you. 😨 HP[+3]
You regained 3 hp, and now have 21/64 hp.
You puncture the ogre! You burn the ogre.
The ogre hits you with a +0 giant club!!
You die...

Skill      XL: |  1  2  3  4  5  6  7 |
---------------+----------------------+-----
Unarmed Combat | 3 4 5 |  5.1
Fighting       | 1 2 3 4 |  4.0
Transmutations | 2 3 |  3.3
Dodging        | 3 4 5 |  5.2
Armour         | 1 2 |  2.1
Stealth        | 1 |  1.7
Spellcasting   | |  1.7

Action                   |  1- 3 |  4- 6 |  7- 9 || total
-------------------------+-------+-------+-------++-------
Melee: Dagger            |    66 |       |       ||    66
       Unarmed           |     2 |       |       ||     2
       Punch             |     3 |     2 |       ||     5
       Headbutt          |     9 |     6 |     8 ||    23
       Kick              |    12 |    16 |     6 ||    34
       Whip              |    22 |    44 |       ||    66
       Rapier            |       |    40 |    45 ||    85
 Cast: Beastly Appendage |    21 |    20 |     8 ||    49
       Wereblood         |    22 |    21 |    13 ||    56
  Use: Potion            |     2 |       |       ||     2
 Stab: Sleeping          |     1 |     1 |       ||     2
Armor: Robe              |    20 |     1 |       ||    21
       Animal skin       |       |    15 |     4 ||    19
Dodge: Dodged            |    53 |    56 |    27 ||   136
Block: Other             |       |       |     2 ||     2

Levels and vault maps discovered:
D:1:      dpeg_arrival_water_fire, layout_loops_ring, minmay_3d_cube
D:2:      minmay_door_path, layout_basic,
          hellmonk_ecumenical_altar_pennies_from_heaven, uniq_jessica,
          uniq_robin
D:3:      minmay_spotlight, layout_basic, nicolae_overflow_hidden_temple,
          kennysheep_boxes
D:4:      layout_rooms, mainiacjoe_overflow_catwalk,
          mainiacjoe_overflow_tiny_flanked, mainiacjoe_overflow_paths,
          minmay_temple_entry_mist, minmay_misc_feat_rugged,
          grunt_decor_junction, small_statue_intersection,
          kennysheep_generic_room_13, uniq_grinder, uniq_sigmund
D:5:      layout_gridville, nicolae_tso_swordbearing_angel,
          mainiacjoe_overflow_alcove_1, uniq_eustachio
Temple:   corrupted_temple

Notes
Turn   | Place    | Note
-------+----------+-------------------------------------------
     0 | D:1      | spaghetti the Deep Dwarf Transmuter began the quest for the
                  | Orb.
     0 | D:1      | Reached XP level 1. HP: 16/16 MP: 3/3
     0 | D:1      | magus.rc [v1.9.6]
   287 | D:1      | Reached skill level 3 in Unarmed Combat
   335 | D:1      | Reached XP level 2. HP: 10/24 MP: 4/4
   341 | D:1      | Learned a level 2 spell: Wereblood
   345 | D:1      | You add the spells Blink, Manifold Assault and Storm Form
                  | to your library.
   586 | D:1      | Reached skill level 1 in Fighting
  1147 | D:1      | Reached XP level 3. HP: 31/31 MP: 1/5
  1456 | D:2      | Found a faded altar of an unknown god.
  1503 | D:2      | Identified the +5 whip of Niaprac {vorpal, rElec rN+ Str-3
                  | Int+2}
  1558 | D:2      | Reached skill level 2 in Transmutations
  1846 | D:2      | Reached skill level 3 in Dodging
  1924 | D:2      | You pick up a book of the Hunter and begin reading...
  1924 | D:2      | You add the spells Call Canine Familiar, Portal Projectile
                  | and Leda's Liquefaction to your library.
  1935 | D:2      | Noticed Robin
  1942 | D:2      | Reached XP level 4. HP: 38/38 MP: 3/6
  1943 | D:2      | Killed Robin
  2133 | D:2      | Noticed Jessica
  2144 | D:2      | Killed Jessica
  2145 | D:2      | Reached skill level 2 in Fighting
  2701 | D:3      | Reached XP level 5. HP: 45/45 MP: 4/7
  2753 | D:3      | Noticed a sky beast
  2763 | D:3      | Killed a sky beast
  2764 | D:3      | Reached skill level 4 in Unarmed Combat
  2803 | D:3      | Identified the +8 rapier "Opsim" {flame, rElec rPois Str+2}
  2813 | D:3      | You pick up a book of Debilitation and begin reading...
  2813 | D:3      | You add the spells Slow, Vampiric Draining and Confusing
                  | Touch to your library.
  2848 | D:3      | You pick up a book of Displacement and begin reading...
  2848 | D:3      | You add the spells Lesser Beckoning, Gell's Gravitas and
                  | Teleport Other to your library.
  3097 | D:3      | Found a hide-covered altar of Uskayaw.
  3344 | D:3      | You add the spells Ignite Poison, Mephitic Cloud and
                  | Freezing Cloud to your library.
  3787 | D:4      | Found an ancient bone altar of Kikubaaqudgha.
  3789 | D:4      | Noticed Grinder
  3800 | D:4      | Killed Grinder
  3801 | D:4      | Reached skill level 3 in Fighting
  3801 | D:4      | Reached skill level 1 in Armour
  3801 | D:4      | Reached skill level 4 in Dodging
  3801 | D:4      | Reached XP level 6. HP: 32/56 MP: 5/8
  3816 | D:4      | Reached skill level 3 in Transmutations
  3816 | D:4      | Reached XP level 7. HP: 34/62 MP: 7/9
  3852 | D:4      | Found an iron altar of Okawaru.
  3892 | D:4      | Noticed Sigmund
  3900 | D:4      | Killed Sigmund
  3901 | D:4      | Reached skill level 5 in Unarmed Combat
  3986 | D:4      | Found a staircase to the Ecumenical Temple.
  4140 | D:4      | Reached skill level 5 in Dodging
  4294 | D:4      | Found a hazy altar of Hepliaklqana.
  4650 | Temple   | Entered the Ecumenical Temple
  4680 | Temple   | Became a worshipper of Ru the Awakened
  4707 | D:5      | Entered Level 5 of the Dungeon
  4775 | D:5      | Reached skill level 1 in Stealth
  4822 | D:5      | Found a blossoming altar of Fedhas.
  4854 | D:5      | Reached skill level 2 in Armour
  4958 | D:5      | Reached skill level 4 in Fighting
  4998 | D:5      | Found a glowing golden altar of the Shining One.
  5125 | D:5      | Slain by an ogre

Vanquished Creatures
  Grinder (D:4)
  Sigmund (D:4)
  A sky beast (D:3)
  2 scorpions
  Jessica (D:2)
  2 iguanas (D:5)
  2 orc wizards (D:4)
  Robin (D:2)
  4 gnolls (D:4)
  5 adders
  An ufetubus (D:5)
  4 worms
  2 dart slugs
  7 orcs
  7 ball pythons
  10 endoplasms
  4 giant cockroaches
  15 goblins
  8 hobgoblins
  5 jackals
  7 quokkas
  4 bats
  3 frilled lizards (D:1)
  5 kobolds
  9 rats
111 creatures vanquished.

Table legend:
 A = Non-vault XP
 B = Vault XP
 C = Vault XP percentage of total XP
 D = Non-vault monster count
 E = Vault monster count
 F = Vault count percentage of total count
                 A         B        C        D         E       F
            +---------+---------+-------+---------+---------+-------
      Total |     716 |     582 |  44.8 |      92 |      19 |  17.1
            +---------+---------+-------+---------+---------+-------
        D:1 |      45 |       2 |   4.3 |      28 |       1 |   3.4
        D:2 |      64 |      76 |  54.3 |      21 |      13 |  38.2
        D:3 |     165 |       6 |   3.5 |      15 |       3 |  16.7
        D:4 |     265 |     498 |  65.3 |      21 |       2 |   8.7
        D:5 |     177 |       0 |   0.0 |       7 |       0 |   0.0
            +---------+---------+-------+---------+---------+-------

Illustrated notes

Table legend:
 A = Kills in this place as a percentage of kills in entire the game.
 B = Kills by you in this place as a percentage of kills by you in the entire game.
 C = Kills by friends in this place as a percentage of kills by friends in the entire game.
 D = Other kills in this place as a percentage of other kills in the entire game.
 E = Experience gained in this place as a percentage of experience gained in the entire game.
 F = Experience gained in this place divided by the number of levels of this place that you have seen.
                   A       B       C       D       E      F
               +-------+-------+-------+-------+-------+----------------------
         Total | 100.0 | 100.0 |   N/A |   N/A | 100.0 | 216.3
       Dungeon | 100.0 | 100.0 |   N/A |   N/A | 100.0 | 259.6
               +-------+-------+-------+-------+-------+----------------------

Table legend: (Time is in decaauts)
 A = Elapsed time spent in this place.
 B = Non-inter-level travel time spent in this place.
 C = Inter-level travel time spent in this place.
 D = Time resting spent in this place.
 E = Time spent auto-exploring this place.
 F = Levels seen in this place.
 G = Mean time per level.
                   A        B        C        D        E       F      G
               +--------+--------+--------+--------+--------+-----+--------+
         Total |   5157 |   4894 |    263 |    166 |   3995 |   6 |  859.5 |
       Dungeon |   5111 |   4863 |    248 |    166 |   3976 |   5 | 1022.2 |
        Temple |     45 |     30 |     15 |      0 |     19 |   1 |   45.0 |
               +--------+--------+--------+--------+--------+-----+--------+

Top non-repeatable levels by time:
     D:1: 1426 daAuts
     D:2: 1205 daAuts
     D:3: 1079 daAuts
     D:4: 1022 daAuts
     D:5: 378 daAuts
  Temple: 45 daAuts
